 Dungeon Crawl Stone Soup version 0.23-a0-629-gae4348f (webtiles) character file.

685 Firecrotchwizard the Chopper (level 7, -7/53 HPs)
             Began as a Gnoll Wanderer on Dec 25, 2018.
             Was a Follower of Okawaru.
             Mangled by an iguana (10 damage)
             ... on level 5 of the Dungeon.
             The game lasted 00:08:21 (4420 turns).

Firecrotchwizard the Chopper (Gnoll Wanderer)       Turns: 4420, Time: 00:08:21

Health: -7/53      AC: 10    Str: 21    XL:     7   Next: 62%
Magic:  10/10      EV:  9    Int: 14    God:    Okawaru [*.....]
Gold:   220        SH:  0    Dex: 15    Spells: 11/11 levels left

rFire    . . .     SeeInvis .   a - +2 hand axe
rCold    . . .     Gourm    .   (no shield)
rNeg     . . .     Faith    .   u - +0 chain mail
rPois    .         Spirit   .   (no helmet)
rElec    .         Reflect  .   (no cloak)
rCorr    .         Harm     .   t - +0 pair of gloves
MR       .....                  (no boots)
Stlth    ..........             (no amulet)
HPRegen  0.17/turn              p - ring of stealth {Stlth+}
MPRegen  0.12/turn              i - +5 ring of strength

@: no status effects
A: distributed training, fangs 1, strong nose
a: Heroism, Renounce Religion


You were on level 5 of the Dungeon.
You worshipped Okawaru.
Okawaru was aware of your devotion.
You were hungry.

You visited 1 branch of the dungeon, and saw 5 of its levels.

You collected 220 gold pieces.

Inventory:

Hand Weapons
 a - a +2 hand axe (weapon)
 b - a +0 shortbow
Missiles
 c - 23 arrows
Armour
 d - a +0 robe
 o - a +0 leather armour
   (You found it on level 1 of the Dungeon)
 r - a +0 ring mail
   (You found it on level 2 of the Dungeon)
 t - a +0 pair of gloves (worn)
   (You found it on level 2 of the Dungeon)
 u - a +0 chain mail (worn)
   (You found it on level 3 of the Dungeon)
Jewellery
 e - an uncursed ring of fire {rF+, rC-}
   (You found it on level 1 of the Dungeon)
 i - a +5 ring of strength (right hand)
   (You found it on level 1 of the Dungeon)
 k - an uncursed ring of magical power {MP+9}
   (You found it on level 1 of the Dungeon)
 p - a ring of stealth (left hand) {Stlth+}
   (You found it on level 2 of the Dungeon)
 C - a cursed amulet of the gourmand {unknown}
   (You found it on level 4 of the Dungeon)
Scrolls
 g - 3 scrolls of identify {unknown}
 j - 3 scrolls of magic mapping {unknown}
 l - a scroll of immolation {unknown}
 m - a scroll of random uselessness {unknown}
 v - 2 scrolls of remove curse {unknown}
 y - a scroll of enchant armour {unknown}
Potions
 h - 3 potions of curing {unknown}
 n - a potion of agility {unknown}
 q - 3 potions of lignification {unknown}
 s - 2 potions of invisibility {unknown}
 w - 2 potions of haste {unknown}
 x - a potion of flight {unknown}
 z - a potion of might {unknown}
 A - 2 potions of heal wounds {unknown}
 B - a potion of ambrosia {unknown}
Comestibles
 f - 4 rations


   Skills:
 + Level 3.7 Fighting
 + Level 2.5 Short Blades
 + Level 2.5 Long Blades
 + Level 7.1 Axes
 + Level 2.5 Maces & Flails
 + Level 2.5 Polearms
 + Level 2.5 Staves
 + Level 2.5 Slings
 + Level 2.5 Bows
 + Level 2.5 Crossbows
 + Level 3.7 Throwing
 + Level 3.7 Armour
 + Level 2.5 Dodging
 + Level 2.5 Stealth
 + Level 2.5 Shields
 + Level 2.5 Unarmed Combat
 + Level 2.5 Spellcasting
 + Level 2.1 Conjurations
 + Level 3.0 Hexes
 + Level 2.1 Charms
 + Level 2.1 Summonings
 + Level 2.1 Necromancy
 + Level 2.1 Translocations
 + Level 2.1 Transmutations
 + Level 4.3 Fire Magic
 + Level 2.1 Ice Magic
 + Level 2.1 Air Magic
 + Level 2.1 Earth Magic
 + Level 2.1 Poison Magic
 + Level 2.8 Invocations
 + Level 3.7 Evocations


You had 11 spell levels left.
You didn't know any spells.
Your spell library was empty.

Dungeon Overview and Level Annotations

Branches:
Dungeon (5/15)
 Temple: D:4-7

Altars:
Ashenzari
Nemelex Xobeh
Okawaru
Qazlal
Vehumet
Yredelemnul


Innate Abilities, Weirdness & Mutations

Your experience applies equally to all skills.
You have very sharp teeth.
Your uncanny sense of smell can sniff out nearby items.


Message History

You hit the orc priest.
You kill the orc priest!
Okawaru accepts your kill.
Your Hexes skill increases to level 3!
You completely miss the orc wizard. You hit the orc.
The orc hits you but does no damage.
The orc wizard hits you but does no damage.
You hit the orc but do no damage. You hit the orc wizard.
The orc hits you with a +0 whip.
The orc wizard hits you but does no damage.
You take 1 damage, and have 36/52 hp.
You hit the orc wizard but do no damage.
Your chain mail prevents you from hitting the orc.
You miss the quokka.
The quokka bites you but does no damage.
The orc hits you but does no damage.
You barely miss the orc wizard.
You bite the orc wizard, but do no damage.
You closely miss the quokka. You hit the orc but do no damage.
You closely miss the iguana. The quokka completely misses you.
The orc wizard hits you but does no damage.
The iguana closely misses you. The orc hits you but does no damage.
The quokka bites you but does no damage.
You hit the orc wizard. You barely miss the iguana. You hit the orc.
You hit the quokka.
You kill the quokka!
Okawaru accepts your kill. The orc wizard completely misses you.
The iguana bites you but does no damage.
The orc hits you but does no damage.
You hit the orc wizard.
You bite the orc wizard, but do no damage.
You hit the iguana but do no damage. You hit the orc.
The orc wizard hits you with a +0 dagger.
The iguana barely misses you. The orc misses you.
You take 2 damage, and have 35/52 hp.
You slash the orc wizard!
You kill the orc wizard!
Okawaru accepts your kill.
You barely miss the iguana. You hit the orc but do no damage.
The iguana bites you but does no damage.
The orc hits you with a +0 whip.
You take 3 damage, and have 32/52 hp.
You are too injured to fight recklessly!
You are too injured to fight recklessly!
You are too injured to fight recklessly!
You are too injured to fight recklessly!
You hit the orc but do no damage. You hit the iguana but do no damage.
The iguana closely misses you. The orc misses you.
You barely miss the orc. You hit the iguana. You hit the orc wizard.
The iguana bites you but does no damage.
The orc hits you but does no damage.
The orc wizard hits you but does no damage.
You hit the orc wizard. You hit the orc but do no damage.
Your chain mail prevents you from hitting the iguana.
The iguana bites you but does no damage.
The orc hits you but does no damage.
The orc wizard hits you but does no damage.
You closely miss the orc wizard. You closely miss the orc.
You hit the iguana but do no damage. The iguana bites you!
The orc hits you but does no damage. The orc wizard barely misses you.
You take 8 damage, and have 24/52 hp.
You hit the iguana but do no damage.
You hit the orc wizard but do no damage.
You hit the orc but do no damage. The iguana bites you.
The orc hits you but does no damage.
The orc wizard hits you but does no damage.
You take 5 damage, and have 19/52 hp.
You hit the iguana.
Your chain mail prevents you from hitting the orc.
You closely miss the orc wizard. The iguana bites you!
* * * LOW HITPOINT WARNING * * *
The orc barely misses you. The orc wizard barely misses you.
You take 8 damage, and have 11/52 hp.
You closely miss the orc. Your bite misses the orc. You hit the orc wizard.
You hit the iguana. The iguana barely misses you. The orc barely misses you.
The orc wizard points at you and mumbles some strange words.
The magic dart hits you!
You slash the orc!
You kill the orc!
Okawaru accepts your kill.
You hit the orc wizard but do no damage.
You hit the iguana.
The iguana bites you but does no damage.
The orc wizard casts a spell.
The orc wizard blinks!
You hit the iguana. The iguana bites you.
* * * LOW HITPOINT WARNING * * *
You take 2 damage, and have 9/52 hp.
You hit the iguana but do no damage. The iguana bites you!
* * * LOW HITPOINT WARNING * * *
You take 6 damage, and have 3/52 hp.
You closely miss the iguana. You bite the iguana, but do no damage.
You slash the orc wizard!
You kill the orc wizard!
Okawaru accepts your kill.
You are feeling hungry.
The iguana bites you but does no damage.
You hit the iguana but do no damage. The iguana bites you!
You die...

#.........#
#.........#
###....$....#.
.............
#.........#
##.......##
#...<.....#
#.l.......#
#.)@......#
#.))......#
#.........#
.........%##
.##.......##
.. .....<### .
###.#### #.


You could see an iguana.

Vanquished Creatures
  A sky beast (D:4)
  4 orc priests
  6 orc wizards
  An iguana (D:4)
  Terence (D:3)
  Ijyb (D:3)
  A worker ant (D:4)
  5 adders
  2 oozes
  3 worms
  2 dart slugs (D:1)
  5 leopard geckos
  22 orcs
  9 giant cockroaches
  10 goblins
  8 hobgoblins
  3 jackals (D:2)
  3 quokkas
  3 ball pythons
  13 bats
  4 frilled lizards
  8 kobolds
  A leopard gecko zombie (D:5)
  12 rats
128 creatures vanquished.

Vanquished Creatures (others)
  A gnoll shaman (D:5)
  A worker ant (D:5)
  An adder (D:5)
  An orc (D:5)
4 creatures vanquished.

Grand Total: 132 creatures vanquished

Notes
Turn   | Place    | Note
-------+----------+-------------------------------------------
     0 | D:1      | Firecrotchwizard the Gnoll Wanderer began the quest for the
                  | Orb.
     0 | D:1      | Firecrotchwizard set off with the following items: a +2
                  | hand axe, a +0 shortbow, 23 arrows, a +0 robe, a ration
     0 | D:1      | Reached XP level 1. HP: 17/17 MP: 2/2
   198 | D:1      | Reached skill level 2 in Hexes
   210 | D:1      | Reached XP level 2. HP: 7/23 MP: 3/3
   746 | D:1      | Reached XP level 3. HP: 19/28 MP: 4/4
  1321 | D:2      | Reached skill level 1 in Invocations
  1357 | D:2      | Found a shattered altar of Ashenzari.
  1395 | D:2      | Reached skill level 1 in Short Blades
  1395 | D:2      | Reached skill level 1 in Long Blades
  1395 | D:2      | Reached skill level 1 in Maces & Flails
  1395 | D:2      | Reached skill level 1 in Polearms
  1395 | D:2      | Reached skill level 1 in Staves
  1395 | D:2      | Reached skill level 1 in Slings
  1395 | D:2      | Reached skill level 1 in Bows
  1395 | D:2      | Reached skill level 1 in Crossbows
  1395 | D:2      | Reached skill level 1 in Dodging
  1395 | D:2      | Reached skill level 1 in Stealth
  1395 | D:2      | Reached skill level 1 in Shields
  1395 | D:2      | Reached skill level 1 in Unarmed Combat
  1395 | D:2      | Reached skill level 1 in Spellcasting
  1403 | D:2      | Found an iron altar of Okawaru.
  1407 | D:2      | Reached XP level 4. HP: 31/34 MP: 6/6
  1419 | D:2      | Became a worshipper of Warmaster Okawaru
  2123 | D:2      | Found a sparkling altar of Nemelex Xobeh.
  2193 | D:3      | Reached skill level 1 in Conjurations
  2193 | D:3      | Reached skill level 1 in Charms
  2193 | D:3      | Reached skill level 1 in Summonings
  2193 | D:3      | Reached skill level 1 in Necromancy
  2193 | D:3      | Reached skill level 1 in Translocations
  2193 | D:3      | Reached skill level 1 in Transmutations
  2193 | D:3      | Reached skill level 1 in Ice Magic
  2193 | D:3      | Reached skill level 1 in Air Magic
  2193 | D:3      | Reached skill level 1 in Earth Magic
  2193 | D:3      | Reached skill level 1 in Poison Magic
  2382 | D:3      | Found a basalt altar of Yredelemnul.
  2383 | D:3      | Found a stormy altar of Qazlal.
  2384 | D:3      | Found a radiant altar of Vehumet.
  2386 | D:3      | Noticed Terence
  2397 | D:3      | Reached XP level 5. HP: 38/40 MP: 7/7
  2509 | D:3      | Noticed Ijyb
  2522 | D:3      | Killed Ijyb
  2522 | D:3      | Reached skill level 3 in Fighting
  2522 | D:3      | Reached skill level 3 in Throwing
  2522 | D:3      | Reached skill level 3 in Armour
  2522 | D:3      | Reached skill level 4 in Fire Magic
  2522 | D:3      | Reached skill level 3 in Evocations
  2612 | D:3      | Killed Terence
  2847 | D:3      | Reached skill level 2 in Invocations
  2847 | D:3      | Reached XP level 6. HP: 18/47 MP: 8/8
  3117 | D:3      | Reached * piety under Okawaru
  3711 | D:4      | Noticed a sky beast
  3731 | D:4      | Killed a sky beast
  3731 | D:4      | Reached skill level 2 in Short Blades
  3731 | D:4      | Reached skill level 2 in Long Blades
  3731 | D:4      | Reached skill level 2 in Maces & Flails
  3731 | D:4      | Reached skill level 2 in Polearms
  3731 | D:4      | Reached skill level 2 in Staves
  3731 | D:4      | Reached skill level 2 in Slings
  3731 | D:4      | Reached skill level 2 in Bows
  3731 | D:4      | Reached skill level 2 in Crossbows
  3731 | D:4      | Reached skill level 2 in Dodging
  3731 | D:4      | Reached skill level 2 in Stealth
  3731 | D:4      | Reached skill level 2 in Shields
  3731 | D:4      | Reached skill level 2 in Unarmed Combat
  3731 | D:4      | Reached skill level 2 in Spellcasting
  3736 | D:4      | Reached XP level 7. HP: 46/52 MP: 8/10
  3950 | D:4      | Reached skill level 7 in Axes
  4071 | D:4      | Reached skill level 2 in Conjurations
  4071 | D:4      | Reached skill level 2 in Charms
  4071 | D:4      | Reached skill level 2 in Summonings
  4071 | D:4      | Reached skill level 2 in Necromancy
  4071 | D:4      | Reached skill level 2 in Translocations
  4071 | D:4      | Reached skill level 2 in Transmutations
  4071 | D:4      | Reached skill level 2 in Ice Magic
  4071 | D:4      | Reached skill level 2 in Air Magic
  4071 | D:4      | Reached skill level 2 in Earth Magic
  4071 | D:4      | Reached skill level 2 in Poison Magic
  4073 | D:4      | HP: 13/52 [poisoned by a worker ant]
  4078 | D:4      | HP: 10/52 [poisoned by a worker ant]
  4084 | D:4      | HP: 8/52 [poisoned by a worker ant]
  4090 | D:4      | HP: 7/52 [poisoned by a worker ant]
  4098 | D:4      | HP: 6/52 [poisoned by a worker ant]
  4392 | D:5      | Entered Level 5 of the Dungeon
  4402 | D:5      | Reached skill level 3 in Hexes
  4414 | D:5      | HP: 11/52 [iguana (8)]
  4418 | D:5      | HP: 3/52 [iguana (7)]
  4420 | D:5      | Mangled by an iguana

Vault maps used:
D:1:      evilmike_arrival_fibonacci_small, st_stairs_7
D:2:      lemuel_coloured_pillars_altar, kennysheep_okawaru_gauntlet,
          first_ration, nicolae_ashenzari_panopticon
D:3:      chequers_temple_overflow_statue_of_worship, uniq_terence, uniq_ijyb
D:5:      xom_confusion_cloud, basic_altar, uniq_sigmund

Skill      XL: |  1  2  3  4  5  6  7 |
---------------+----------------------+-----
Hexes          | 2 3 |  3.0
Invocations    | 1 2 |  2.8
Short Blades   | 1 2 |  2.5
Long Blades    | 1 2 |  2.5
Maces & Flails | 1 2 |  2.5
Polearms       | 1 2 |  2.5
Staves         | 1 2 |  2.5
Slings         | 1 2 |  2.5
Bows           | 1 2 |  2.5
Crossbows      | 1 2 |  2.5
Dodging        | 1 2 |  2.5
Stealth        | 1 2 |  2.5
Shields        | 1 2 |  2.5
Unarmed Combat | 1 2 |  2.5
Spellcasting   | 1 2 |  2.5
Conjurations   | 1 2 |  2.1
Charms         | 1 2 |  2.1
Summonings     | 1 2 |  2.1
Necromancy     | 1 2 |  2.1
Translocations | 1 2 |  2.1
Transmutations | 1 2 |  2.1
Ice Magic      | 1 2 |  2.1
Air Magic      | 1 2 |  2.1
Earth Magic    | 1 2 |  2.1
Poison Magic   | 1 2 |  2.1
Fighting       | 3 |  3.7
Throwing       | 3 |  3.7
Armour         | 3 |  3.7
Fire Magic     | 4 |  4.3
Evocations     | 3 |  3.7
Axes           | 7 |  7.1

Action                   |  1- 3 |  4- 6 |  7- 9 || total
-------------------------+-------+-------+-------++-------
Melee: Hand axe          |   109 |   206 |    83 ||   398
       Bite              |     9 |    24 |    14 ||    47
       Punch             |       |       |     2 ||     2
Invok: Heroism           |       |       |     1 ||     1
Evoke: Wand              |       |     1 |       ||     1
 Stab: Sleeping          |     1 |     1 |       ||     2
  Eat: Chunk             |     2 |     7 |     2 ||    11
Armor: Robe              |    14 |       |       ||    14
       Leather armour    |    12 |     4 |       ||    16
       Ring mail         |       |    10 |       ||    10
       Chain mail        |       |    68 |    47 ||   115
Dodge: Dodged            |    75 |    78 |    41 ||   194

Table legend:
 A = Non-vault XP
 B = Vault XP
 C = Vault XP percentage of total XP
 D = Non-vault monster count
 E = Vault monster count
 F = Vault count percentage of total count
                 A         B        C        D         E       F
            +---------+---------+-------+---------+---------+-------
      Total |     906 |      73 |   7.5 |     123 |       5 |   3.9
            +---------+---------+-------+---------+---------+-------
        D:1 |      45 |       4 |   8.2 |      22 |       3 |  12.0
        D:2 |      79 |       0 |   0.0 |      33 |       0 |   0.0
        D:3 |     201 |      69 |  25.6 |      40 |       2 |   4.8
        D:4 |     452 |       0 |   0.0 |      22 |       0 |   0.0
        D:5 |     129 |       0 |   0.0 |       6 |       0 |   0.0
            +---------+---------+-------+---------+---------+-------

Vault maps used:
D:1:      evilmike_arrival_fibonacci_small, st_stairs_7
D:2:      lemuel_coloured_pillars_altar, kennysheep_okawaru_gauntlet,
          first_ration, nicolae_ashenzari_panopticon
D:3:      chequers_temple_overflow_statue_of_worship, uniq_terence, uniq_ijyb
D:5:      xom_confusion_cloud, basic_altar, uniq_sigmund

Table legend:
 A = Turns spent in this place as a percentage of turns spent in the entire game.
 B = Non-inter-level travel turns spent in this place as a percentage of non-inter-level travel turns spent in the entire game.
 C = Inter-level travel turns spent in this place as a percentage of turns spent in this place.
 D = Turns resting spent in this place as a percentage of non-inter-level travel turns spent in this place.
 E = Turns spent auto-exploring this place as a percentage of non-inter-level travel turns spent in this place.
 F = Non-inter-level travel turns spent in this place divided by the number of levels of this place that you've seen.
                   A       B       C       D       E      F
               +-------+-------+-------+-------+-------+----------------------
         Total | 100.0 | 100.0 |   2.7 |  37.8 |  41.3 | 860.2
       Dungeon | 100.0 | 100.0 |   2.7 |  37.8 |  41.3 | 860.2
               +-------+-------+-------+-------+-------+----------------------

Table legend:
 A = Kills in this place as a percentage of kills in entire the game.
 B = Kills by you in this place as a percentage of kills by you in the entire game.
 C = Kills by friends in this place as a percentage of kills by friends in the entire game.
 D = Other kills in this place as a percentage of other kills in the entire game.
 E = Experience gained in this place as a percentage of experience gained in the entire game.
 F = Experience gained in this place divided by the number of levels of this place that you have seen.
                   A       B       C       D       E      F
               +-------+-------+-------+-------+-------+----------------------
         Total | 100.0 | 100.0 |   N/A |   N/A | 100.0 | 195.8
       Dungeon | 100.0 | 100.0 |   N/A |   N/A | 100.0 | 195.8
               +-------+-------+-------+-------+-------+----------------------
